 Dungeon Crawl Stone Soup version 0.23.2-40-g277498a001 (webtiles) character file.

Game seed: 2333936044464945140

63 Emblim88 the Ruffian (level 3, -1/36 HPs)
             Began as a Troll Berserker on Oct 10, 2019.
             Was a Believer of Trog.
             Killed by nerve-wracking pain
             ... invoked by an orc priest
              (7 damage)
             ... on level 3 of the Dungeon.
             The game lasted 00:02:04 (1344 turns).

Emblim88 the Ruffian (Troll Berserker)              Turns: 1344, Time: 00:02:04

Health: -1/36      AC:  6    Str: 25    XL:     3   Next: 89%
Magic:  2/2        EV: 10    Int:  3    God:    Trog [**....]
Gold:   132        SH:  0    Dex: 10    Spells: 2/2 levels left

rFire    . . .     SeeInvis .     - Unarmed
rCold    . . .     Gourm    +   (no shield)
rNeg     . . .     Faith    .   a - +0 animal skin
rPois    .         Spirit   .   (helmet restricted)
rElec    .         Reflect  .   d - scarf {repulsion}
rCorr    .         Harm     .   (gloves unavailable)
MR       .....                  (boots unavailable)
Stlth    +.........             (no amulet)
HPRegen  0.52/turn              (no ring)
MPRegen  0.08/turn              (no ring)

@: berserk cooldown, slowed, repel missiles, very slow
A: large, unfitting armour, claws 3, fast metabolism 3, gourmand, regeneration
1, shaggy fur 1, tough skin 3
a: Berserk, Trog's Hand, Renounce Religion


You were on level 3 of the Dungeon.
You worshipped Trog.
Trog was pleased with you.
You were not hungry.

You visited 1 branch of the dungeon, and saw 3 of its levels.

You collected 132 gold pieces.

Inventory:

Armour
 a - a +0 animal skin (worn)
 d - a scarf of repulsion (worn)
Scrolls
 c - a scroll of identify {unknown}
 e - a scroll of immolation {unknown}
 g - a scroll of amnesia {unknown}
 h - 3 scrolls of remove curse {unknown}
 k - a scroll of enchant weapon {unknown}
 l - a scroll of blinking {unknown}
 n - a scroll of enchant armour {unknown}
Potions
 f - a potion of invisibility {unknown}
 i - a potion of flight {unknown}
 j - a potion of heal wounds {unknown}
 m - a potion of resistance {unknown}
 o - a potion of degeneration {unknown}
Comestibles
 b - 9 rations


   Skills:
 + Level 2.9 Fighting
 + Level 2.9 Dodging
 * Level 4.0 Unarmed Combat


You had 2 spell levels left.
You didn't know any spells.
Your spell library was empty.

Dungeon Overview and Level Annotations

Branches:
Dungeon (3/15)

Altars:
Nemelex Xobeh
Qazlal


Innate Abilities, Weirdness & Mutations

You are too large for most types of armour.
You have claws for hands.
Your metabolism is lightning-fast.
You like to eat raw meat.
Your natural rate of healing is unusually fast.
You are covered in fur. (AC +1)
You have extremely tough skin. (AC +3)


Message History

You miss the orc wizard.
The orc priest hits you with a +0 flail!
* * * LOW HITPOINT WARNING * * *
You closely miss the orc priest. The orc wizard casts a spell at you.
You resist with significant effort. The hobgoblin hits you with a +0 club.
* * * LOW HITPOINT WARNING * * *
You claw the orc priest!
The orc priest is severely wounded.
You are no longer berserk.
You are exhausted.
You feel yourself slow down. The orc closely misses you.
The orc priest calls down the wrath of Beogh upon you.
You barely resist.
The orc wizard hits you with a +0 dagger.
* * * LOW HITPOINT WARNING * * *
You feel less confused.
The orc priest invokes the aid of Beogh against you.
Pain shoots through your body!
You die...

.........
.............# #.#
. ........
..............# #.#
. .......
.............†# #.#
.......
..............# #.#
.......
..............###.#
.......
..........>.).....#
.......
........oo....###.#
..(....
.........K)...# #.#
....=..
.......@g.....# #.#
. ........o.....#
#.# ..............#
#.#
..................#
..............#####
................
................
..............#


You could see an orc priest, an orc wizard, an orc, a hobgoblin and a kobold.

Vanquished Creatures
  An adder (D:2)
  An ooze (D:1)
  A leopard gecko (D:1)
  2 orcs (D:3)
  7 bats
  4 giant cockroaches (D:1)
  11 goblins
  4 hobgoblins
  2 jackals (D:1)
  2 frilled lizards
  2 kobolds
  5 rats (D:1)
  A toadstool (D:1)
43 creatures vanquished.

Vanquished Creatures (others)
  3 toadstools (D:1)
3 creatures vanquished.

Grand Total: 46 creatures vanquished

Notes
Turn   | Place    | Note
-------+----------+-------------------------------------------
     0 | D:1      | Emblim88 the Troll Berserker began the quest for the Orb.
     0 | D:1      | Reached XP level 1. HP: 22/22 MP: 0/0
    91 | D:1      | Reached XP level 2. HP: 27/29 MP: 1/1
   557 | D:2      | Reached XP level 3. HP: 36/36 MP: 2/2
   585 | D:2      | Reached ** piety under Trog
   695 | D:2      | Found a sparkling altar of Nemelex Xobeh.
   927 | D:2      | Found a faded altar of an unknown god.
  1192 | D:3      | Reached skill level 4 in Unarmed Combat
  1213 | D:3      | Found a stormy altar of Qazlal.
  1344 | D:3      | Killed from afar by an orc priest

Skill      XL: |  1  2  3 |
---------------+----------+-----
Unarmed Combat | 4 |  4.0
Fighting       | |  2.9
Dodging        | |  2.9

Action                   || total
-------------------------++-------
Melee: Unarmed           ||   117
Invok: Berserk           ||     1
 Stab: Sleeping          ||     1
  Eat: Chunk             ||    12
Armor: Animal skin       ||    52
Dodge: Dodged            ||    64
